 Dungeon Crawl Stone Soup version 0.28-a0-687-gb91baff9cc (webtiles) character file.

Game seed: 10613911426963557516

269 cheechan the Cudgeller (level 6, -1/39 HPs)
             Began as a Gargoyle Chaos Knight on Oct 18, 2021.
             Was a Plaything of Xom.
             Slain by a gnoll (2 damage)
             ... while paralysed by Grinder
             ... on level 4 of the Dungeon on Oct 19, 2021.
             The game lasted 00:10:20 (2845 turns).

cheechan the Cudgeller (Gargoyle Chaos Knight)      Turns: 2845, Time: 00:10:21

Health: -1/39      AC: 11    Str: 18    XL:     6   Next: 22%
Magic:  6/6        EV:  2    Int: 12    God:    Xom [..*...]
Gold:   143        SH:  0    Dex:  9    Spells: 5/5 levels left

rFire   . . .      SeeInvis .   a - +0 mace (chaos)
rCold   . . .      Faith    .   (no shield)
rNeg    + . .      Spirit   .   p - +0 scale mail {Will+}
rPois   ∞          Reflect  .   (no helmet)
rElec   +          Harm     .   (no cloak)
rCorr   .          Rampage  .   (no gloves)
Will    +....                   (no boots)
Stlth   ..........              (no amulet)
HPRegen 0.13/turn               e - +4 ring of evasion
MPRegen 0.10/turn               (no ring)

@: paralysed
A: sickness immunity, AC +4, negative energy resistance 1, electricity
resistance, torment resistance 1, petrification resistance
a: Renounce Religion


You were on level 4 of the Dungeon.
You worshipped Xom.
You were a toy of Xom.
You visited 1 branch of the dungeon, and saw 4 of its levels.

You collected 143 gold pieces.

Inventory:

Hand Weapons
 a - a +0 mace of chaos (weapon)
 j - a +0 flail
 n - a +0 whip
 o - a +0 morningstar
Missiles
 c - 75 stones (quivered)
 d - 35 arrows
 l - 47 bolts
 q - 23 sling bullets
Armour
 b - a +2 leather armour
 p - a +0 scale mail of willpower (worn)
Magical Staves
 k - a staff of death
Jewellery
 e - a +4 ring of evasion (left hand)
Wands
 g - a wand of iceblast (5)
Scrolls
 i - 2 scrolls of blinking
Potions
 f - a potion of haste
 h - a potion of might
 m - 2 potions of berserk rage {unknown}


   Skills:
 + Level 4.3 Fighting
 + Level 5.1 Maces & Flails
 + Level 3.1 Armour
 + Level 2.3 Dodging
 + Level 0.5 Stealth


You had 5 spell levels left.
You didn't know any spells.
Your spell library contained the following spells:

 Spells                   Type           Power      Damage    Failure   Level
 Slow                     Hex            0%         N/A       83%         2
 Confusing Touch          Hex            0%         N/A       97%         3
 Yara's Violent Unravell  Hex/Tmut       0%         3d3       100%        5


Dungeon Overview and Level Annotations

Branches:
Dungeon (4/15)
 Temple: D:4-7

Altars:
Vehumet

Annotations:
D:4 Grinder


Innate Abilities, Weirdness & Mutations

You are immune to sickness and miasma.
Your stone body is resilient. (AC +4)
You are immune to poison.
You resist negative energy. (rN+)
You are resistant to electric shocks. (rElec)
You are resistant to unholy torment.
You are immune to petrification.


Message History

Found 12 gold pieces.
l - 47 bolts (gained 29)
You now have 143 gold pieces (gained 12).
There is a stone staircase leading up here.
A gnoll comes into view. It is wielding a +0 halberd.
Found a stone staircase leading up.
The gnoll shouts!
You hear a shout! x4
A gnoll comes into view. It is wielding a +0 club.
The gnoll moves out of view.
A gnoll comes into view. It is wielding a +0 club.
A gnoll comes into view. It is wielding a +1 vorpal halberd.
The gnoll shouts!
A gnoll and Grinder come into view.
Grinder shouts!
The gnoll shouts!
The gnoll completely misses you.
A gnoll comes into view. It is wielding a +0 flail.
The gnoll shouts!
The gnoll barely misses you.
You sock the gnoll! You freeze the gnoll.
You kill the gnoll!
Xom snickers.
Tendrils of electricity crawl over the metal wall!
The gnoll hits you from afar with a +1 vorpal halberd!
You sock the gnoll! You burn the gnoll.
The gnoll is severely wounded.
The gnoll barely misses you.
Grinder blinks!
The gnoll barely misses you. Grinder gestures at you.
You suddenly lose the ability to move!
The gnoll hits you but does no damage. The gnoll hits you with a +0 club.
A dart slug comes into view.
The gnoll hits you from afar with a +1 vorpal halberd!
The gnoll hits you with a +0 club.
The gnoll hits you from afar with a +1 vorpal halberd.
* * * LOW HITPOINT WARNING * * *
x2 The gnoll hits you with a +0 club.
* * * LOW HITPOINT WARNING * * *
The gnoll hits you from afar with a +1 vorpal halberd.
* * * LOW HITPOINT WARNING * * *
You die...
Xom thinks this is hilarious!

#......##.#.#.##......#
#.........#.#.##.######
#.#..##...#...)..#
#.#.......###.##.#
#.#.##...........#
#.#..............#
#.......###.######
######### #5# #@# #g#


ggg #.g.# #..<. #...## ...w. ..... You could see Grinder, 5 gnolls and a dart
slug.

Vanquished Creatures
  2 orc priests
  A centaur skeleton (D:3)
  A gnoll (D:4)
  An adder (D:3)
  4 worms
  2 dart slugs
  5 orcs
  7 ball pythons
  6 bats
  3 endoplasms
  A giant cockroach (D:1)
  11 goblins
  5 hobgoblins
  4 jackals (D:1)
  5 quokkas
  A frilled lizard (D:1)
  5 kobolds
  4 rats
68 creatures vanquished.

Vanquished Creatures (collateral kills)
  A phantom (D:3)
1 creature vanquished.

Grand Total: 69 creatures vanquished

Notes
Turn   | Place    | Note
-------+----------+-------------------------------------------
     0 | D:1      | cheechan the Gargoyle Chaos Knight began the quest for the
                  | Orb.
     0 | D:1      | Reached XP level 1. HP: 14/14 MP: 1/1
   110 | D:1      | Reached XP level 2. HP: 13/19 MP: 2/2
   631 | D:1      | XOM: divination: detect creatures
   794 | D:1      | Reached XP level 3. HP: 24/24 MP: 3/3
   839 | D:1      | Reached skill level 1 in Dodging
   925 | D:1      | Found a faded altar of an unknown god.
   989 | D:1      | XOM: divination: detect creatures
  1107 | D:2      | XOM: divination: magic mapping
  1160 | D:2      | XOM: divination: detect creatures
  1171 | D:2      | XOM: silly message
  1272 | D:2      | XOM: butterfly on damage
  1274 | D:2      | Reached XP level 4. HP: 16/29 MP: 4/4
  1427 | D:2      | Upgraded the game from 0.28-a0-683-ga8797d1ae1 to
                  | 0.28-a0-687-gb91baff9cc
  1602 | D:2      | XOM: silly message
  1654 | D:2      | You fall into a shaft and drop 1 floor!
  2051 | D:3      | Reached skill level 4 in Maces & Flails
  2056 | D:3      | Reached XP level 5. HP: 27/33 MP: 5/5
  2248 | D:3      | Found a radiant altar of Vehumet.
  2376 | D:3      | Noticed a phantom
  2379 | D:3      | XOM: cast spell 'Call Canine Familiar'
  2388 | D:3      | Killed a phantom
  2389 | D:3      | XOM: scenery: 2 doors open
  2465 | D:3      | Reached XP level 6. HP: 30/38 MP: 6/6
  2510 | D:3      | Reached skill level 5 in Maces & Flails
  2665 | D:4      | XOM: divination: magic mapping
  2839 | D:4      | Noticed Grinder
  2841 | D:4      | XOM: silly message
  2842 | D:4      | Paralysed by Grinder for 4 turns
  2845 | D:4      | HP: 1/39 [gnoll (6)]
  2845 | D:4      | Slain by a gnoll

Illustrated notes

Levels and vault maps discovered:
D:1:      dpeg_arrival_simpleton_b, layout_rooms,
          shapermc_ecumenical_altar_mp_highgroup
D:2:      layout_rooms, serial_glass, glass_columns_a, glass_columns_b,
          glass_columns_c, glass_columns_b, glass_columns_a, glass_columns_a
D:3:      layout_basic, mainiacjoe_overflow_alcove_2
D:4:      layout_loops_cross, nicolae_shop_overcharged_wands, uniq_grinder

Skill      XL: |  1  2  3  4  5  6 |
---------------+-------------------+-----
Dodging        | 1 2 |  2.3
Fighting       | 4 |  4.3
Maces & Flails | 4 5 |  5.1
Armour         | 3 |  3.1
Stealth        | |  0.5

Action                   |  1- 3 |  4- 6 || total
-------------------------+-------+-------++-------
Melee: Mace              |   126 |   125 ||   251
  Use: Scroll            |     5 |     2 ||     7
 Stab: Distracted        |       |     1 ||     1
       Petrified         |       |     1 ||     1
Armor: Leather armour    |    85 |    53 ||   138
       Scale mail        |       |     1 ||     1
Dodge: Dodged            |   135 |   171 ||   306

Table legend: (Time is in decaauts)
 A = Elapsed time spent in this place.
 B = Non-inter-level travel time spent in this place.
 C = Inter-level travel time spent in this place.
 D = Time resting spent in this place.
 E = Time spent auto-exploring this place.
 F = Levels seen in this place.
 G = Mean time per level.
                   A        B        C        D        E       F      G
               +--------+--------+--------+--------+--------+-----+--------+
         Total |   2898 |   2898 |      0 |    441 |      0 |   4 |  724.5 |
       Dungeon |   2898 |   2898 |      0 |    441 |      0 |   4 |  724.5 |
               +--------+--------+--------+--------+--------+-----+--------+

Top non-repeatable levels by time:
     D:1: 1043 daAuts
     D:3: 1029 daAuts
     D:2: 644 daAuts
     D:4: 180 daAuts
